 Dungeon Crawl Stone Soup version 0.28-a0-313-gbc0475efdd (webtiles) character file.

Game seed: 1460306590221810403

354 Demosthentine the Poker (level 6, -3/72 HPs)
             Began as a Merfolk Gladiator on Sept 1, 2021.
             Was a Follower of Zin.
             Slain by a water moccasin (5 damage)
             ... on level 4 of the Dungeon.
             The game lasted 00:04:52 (3950 turns).

Demosthentine the Poker (Merfolk Gladiator)         Turns: 3950, Time: 00:04:53

Health: -3/72      AC:  5    Str: 16      XL:     6   Next: 63%
Magic:  6/6        EV: 14    Int: 10      God:    Zin [*.....]
Gold:   48         SH:  0    Dex: 14 (15) Spells: 5/5 levels left

rFire   . . .      SeeInvis .   a - +0 trident
rCold   . . .      Faith    .   (no shield)
rNeg    . . .      Spirit   .   b - +0 leather armour
rPois   .          Reflect  .   c - +1 helmet
rElec   .          Harm     .   (no cloak)
rCorr   .          Rampage  .   (no gloves)
Will    .....                   (no boots)
Stlth   ..........              (no amulet)
HPRegen 0.22/turn               (no ring)
MPRegen 0.10/turn               (no ring)

@: mighty, berserking, lethally poisoned (-3 -> -14), hasted, unable to read,
very quick
A: (nimble swimmer 2), mertail, clever 1, deterioration 1, inability to read
while threatened
a: Renounce Religion, Recite, Donate Gold


You were on level 4 of the Dungeon.
You worshipped Zin.
Zin was aware of your devotion.
You visited 1 branch of the dungeon, and saw 4 of its levels.

You collected 181 gold pieces.
You spent 117 gold pieces at shops.
You donated 16 gold pieces to Zin.

Inventory:

Hand Weapons
 a - a +0 trident (weapon)
Missiles
 d - 3 throwing nets (quivered)
Armour
 b - a +0 leather armour (worn)
 c - a +1 helmet (worn)
Jewellery
 n - a ring of flight
 p - a ring of magical power
Wands
 m - a wand of polymorph (4)
Potions
 g - 3 potions of flight
 j - a potion of lignification
 k - a potion of degeneration {unknown}
 l - a potion of brilliance {unknown}
 o - a potion of attraction {unknown}


   Skills:
 + Level 4.2 Fighting
 + Level 6.4 Polearms
 - Level 2.0 Throwing
 + Level 2.1 Armour
 + Level 5.8 Dodging


You had 5 spell levels left.
You didn't know any spells.
Your spell library contained the following spells:

 Spells                   Type           Power      Damage    Failure   Level
 Summon Small Mammal      Summ           0%         N/A       43%         1
 Call Canine Familiar     Summ           0%         N/A       80%         3
 Summon Guardian Golem    Hex/Summ       0%         N/A       80%         3


Dungeon Overview and Level Annotations

Branches:
Dungeon (4/15)
 Temple: D:4-7

Altars:
Ashenzari
Gozag
Makhleb
Zin

Shops:
D:1 *

Annotations:
D:3 2 transporters


Innate Abilities, Weirdness & Mutations

((You are quick and stealthy near water. (Stealth+, EV+, Speed+++)))
Your lower body shifts to a powerful aquatic tail in water.
Your mind is acute. (Int +2)
Your body sometimes deteriorates upon taking damage.
You sometimes lose the ability to read scrolls when taking damage.


Message History

Unknown command.
You feel better. The water moccasin misses you.
The water moccasin bites you but does no damage.
You completely miss the water moccasin.
The water moccasin is heavily wounded.
The water moccasin bites you!
You feel threatened and lose the ability to read scrolls!
Your body deteriorates!
You feel clumsy.
You are lethally poisoned!
The water moccasin poisons you!
You hit the water moccasin.
The water moccasin is severely wounded.
You can read scrolls again.
* * * LOW HITPOINT WARNING * * *
You feel very sick.
The water moccasin completely misses you.
You hit the water moccasin.
The water moccasin is almost dead.
* * * LOW HITPOINT WARNING * * *
You feel very sick. The water moccasin bites you.
* * * LOW HITPOINT WARNING * * *
You are more poisoned.
The water moccasin poisons you! The water moccasin closely misses you.
It was a potion of haste.
You feel yourself speed up.
* * * LOW HITPOINT WARNING * * *
You feel very sick. The water moccasin barely misses you.
It was a potion of might.
You feel very mighty all of a sudden.
* * * LOW HITPOINT WARNING * * *
You feel very sick. The water moccasin misses you.
It was a potion of berserk rage.
A red film seems to cover your vision as you go berserk!
You feel yourself moving faster!
You feel mighty! Zin protects you from harm! The water moccasin bites you.
You feel threatened and lose the ability to read scrolls!
You die...

.######### #.# .# #.# .#
######.# '## #......#
..## #.###### ...##
#.#### ....###.##.##
.....##.#...##########...
.....'..).......@SK......
.....##.#...######.......
....###....#.# .###.#.
...## #####.## .# ..##
#.# .# +## #># .# .#
#######.# .# .# #....(..#
.# .####.#######


You could see a water moccasin and a kobold brigand.

Vanquished Creatures
  A scorpion (D:4)
  The ghost of morkbrbrk the Grave Robber, a weakling DsNe (D:3)
  A hound (D:4)
  Jessica (D:3)
  Natasha (thrice) (D:2)
  4 adders
  2 worms (D:2)
  A dart slug (D:1)
  An orc (D:4)
  10 endoplasms
  5 giant cockroaches
  6 goblins (D:2)
  8 hobgoblins
  7 jackals
  5 ball pythons
  7 bats
  4 frilled lizards
  11 kobolds
  4 rats
82 creatures vanquished.

Notes
Turn   | Place    | Note
-------+----------+-------------------------------------------
     0 | D:1      | Demosthentine the Merfolk Gladiator began the quest for the
                  | Orb.
     0 | D:1      | Reached XP level 1. HP: 16/16 MP: 1/1
    38 | D:1      | Found a faded altar of an unknown god.
   208 | D:1      | Reached XP level 2. HP: 20/23 MP: 2/2
   609 | D:1      | Found Keigats's Assorted Antiques.
   616 | D:1      | Bought a coppery potion for 18 gold pieces
   703 | D:1      | Reached XP level 3. HP: 24/28 MP: 3/3
  1300 | D:2      | Reached skill level 5 in Polearms
  1370 | D:2      | Noticed Natasha
  1389 | D:2      | Killed Natasha
  1390 | D:2      | Reached skill level 1 in Armour
  1390 | D:2      | Reached XP level 4. HP: 35/35 MP: 4/4
  1680 | D:2      | Found a burning altar of Makhleb.
  1686 | D:2      | Noticed Natasha
  1695 | D:2      | Killed Natasha
  1709 | D:2      | Reached skill level 5 in Dodging
  1709 | D:2      | Noticed Natasha
  1724 | D:2      | Reached XP level 5. HP: 19/41 MP: 5/5
  1730 | D:2      | Killed Natasha
  2130 | D:2      | You fall into a shaft and drop 1 floor!
  2144 | D:3      | Found a runed translucent door.
  2178 | D:3      | Noticed morkbrbrk's ghost (weakling DsNe)
  2485 | D:3      | Found an opulent altar of Gozag.
  2630 | D:3      | Found a transporter.
  2633 | D:3      | Noticed Jessica
  2637 | D:3      | Killed Jessica
  2651 | D:3      | Noticed a kobold demonologist
  2660 | D:3      | Found a transporter.
  2800 | D:3      | Reached skill level 6 in Polearms
  2821 | D:3      | Found a broken altar of Ashenzari.
  3003 | D:3      | Found a glowing silver altar of Zin.
  3047 | D:3      | Gained mutation: You are partially covered in large bone
                  | plates. (SH +4) [potion of mutation]
  3047 | D:3      | Gained mutation: You are weak. (Str -2) [potion of
                  | mutation]
  3048 | D:3      | Lost mutation: You are weak. (Str -2) [potion of mutation]
  3048 | D:3      | Lost mutation: You are partially covered in large bone
                  | plates. (SH +4) [potion of mutation]
  3048 | D:3      | Gained mutation: You sometimes lose the ability to read
                  | scrolls when taking damage. [potion of mutation]
  3048 | D:3      | Gained mutation: Your body sometimes deteriorates upon
                  | taking damage. [potion of mutation]
  3048 | D:3      | Gained mutation: Your mind is acute. (Int +2) [potion of
                  | mutation]
  3065 | D:3      | Killed morkbrbrk's ghost
  3066 | D:3      | Reached XP level 6. HP: 48/48 MP: 6/6
  3153 | D:3      | Became a worshipper of Zin the Law-Giver
  3153 | D:3      | Reached * piety under Zin
  3208 | D:1      | Bought a red potion for 18 gold pieces
  3208 | D:1      | Bought a white potion for 18 gold pieces
  3208 | D:1      | Bought a scroll labelled FAGIWKA WESAOFF for 21 gold pieces
  3208 | D:1      | Bought a scroll labelled HOHOIPLOAR for 21 gold pieces
  3208 | D:1      | Bought a scroll labelled UCAAJADYVOM for 21 gold pieces
  3916 | D:4      | Noticed a water moccasin
  3949 | D:4      | HP: 1/48 [poisoned by a water moccasin]
  3950 | D:4      | Zin protects you from harm!
  3950 | D:4      | Slain by a water moccasin

Illustrated notes

Levels and vault maps discovered:
D:1:      dpeg_arrival_simpleton_b, layout_basic,
          hellmonk_ecumenical_altar_lost_god, serial_shops, shop
D:2:      layout_basic, basic_altar, minmay_surrounded, uniq_natasha
D:3:      gammafunk_wand_slinger, layout_rooms,
          mainiacjoe_overflow_tiny_flanked, lemuel_coloured_pillars_altar,
          nicolae_ashenzari_panopticon, ebering_ghost_reflecting_pool,
          uniq_jessica
D:4:      layout_loops_corners, palyth_temple_overflow_mages

Skill      XL: |  1  2  3  4  5  6 |
---------------+-------------------+-----
Polearms       | 5 6 |  6.4
Fighting       | 3 4 |  4.2
Armour         | 1 2 |  2.1
Dodging        | 5 |  5.8
Throwing       | |  2.0

Action                   |  1- 3 |  4- 6 || total
-------------------------+-------+-------++-------
Melee: Trident           |   111 |   203 ||   314
  Use: Scroll            |     3 |     4 ||     7
       Potion            |     1 |     8 ||     9
 Stab: Distracted        |     1 |       ||     1
       Sleeping          |     1 |     2 ||     3
Armor: Leather armour    |    23 |    35 ||    58
       Skin              |       |    10 ||    10
Dodge: Dodged            |    58 |   125 ||   183

Table legend: (Time is in decaauts)
 A = Elapsed time spent in this place.
 B = Non-inter-level travel time spent in this place.
 C = Inter-level travel time spent in this place.
 D = Time resting spent in this place.
 E = Time spent auto-exploring this place.
 F = Levels seen in this place.
 G = Mean time per level.
                   A        B        C        D        E       F      G
               +--------+--------+--------+--------+--------+-----+--------+
         Total |   3961 |   3768 |    193 |     17 |   3104 |   4 |  990.2 |
       Dungeon |   3961 |   3768 |    193 |     17 |   3104 |   4 |  990.2 |
               +--------+--------+--------+--------+--------+-----+--------+

Top non-repeatable levels by time:
     D:1: 1319 daAuts
     D:2: 1127 daAuts
     D:3: 835 daAuts
     D:4: 679 daAuts
